[Event "Icelandic Chess-ch 2023"]
[Site "Hafnarfjordur"]
[Date "2023.05.16"]
[Round "2.3"]
[White "Kjartansson, Gudmundur"]
[Black "Heimisson, Hilmir Freyr"]
[Result "1/2-1/2"]
[ECO "A37"]
[WhiteElo "2402"]
[BlackElo "2353"]
[Annotator "TA"]
[PlyCount "107"]
[EventDate "2023.05.13"]
[EventType "tourn"]
[EventCountry "ISL"]
[SourceTitle "playchess.com"]
[Source "ChessBase"]
[SourceQuality "1"]
[TimeControl "40/5400+30:1800+30"]

1. c4 c5 2. Nf3 Nc6 3. Nc3 e5 4. g3 g6 5. Bg2 Bg7 6. d3 d6 7. Nd2 Nge7 {[%emt 0:00:34] A37: Symmetrical English vs ...g6: 4 Bg2 Bg7 5 Nf3.} 8. Nf1 Rb8 9. Ne3 a6 10. Ned5 Nxd5 11. Nxd5 O-O 12. h4 h6 {[%emt 0:02:57] [#]} 13. Bd2 $146 ({Predecessor:} 13. h5 g5 14. e4 f5 15. exf5 Bxf5 16. O-O b5 17. g4 Be6 18. Be4 Kh8 19. f3 {0-1 Leer Salvesen,B (2349)-Miezis,N (2530) NOR-chT 0910 2009 (1)}) 13... Bg4 14. Qc1 Kh7 (14... Nd4 $5 15. f3 Be6 $11) 15. h5 {[%emt 0:01:44] [#] aiming for Be4.} g5 $1 16. Ne3 Be6 17. g4 $1 Ne7 18. Be4+ f5 19. gxf5 Nxf5 20. f3 Kh8 21. Nxf5 Bxf5 {[%emt 0:00:10] [#]} 22. Bxg5 $1 Qxg5 23. Qxg5 hxg5 24. h6 Bxe4 25. hxg7+ Kxg7 {[%emt 0:00:11] Strongly threatening ...Rh8.} 26. dxe4 $11 {[%emt 0:00:57][%mdl 4096] Endgame KRR-KRR} Rf6 27. a4 Rg6 28. Rg1 Kf6 29. Kf2 Rh8 30. Rad1 Ke6 31. Rh1 Rgh6 32. Rxh6+ Rxh6 {[%emt 0:00:03] KR-KR} 33. Kg3 Rh4 34. Kg2 Rh8 35. Rh1 Rb8 {[%emt 0:00:02] The position is equal.} 36. Kg3 b5 37. cxb5 axb5 38. a5 Ra8 39. Ra1 d5 40. a6 d4 41. b3 c4 42. bxc4 bxc4 43. Kg4 d3 44. exd3 (44. Kxg5 $2 {perishes.} d2 45. f4 Rg8+ 46. Kh4 exf4 $19) 44... cxd3 45. Rd1 (45. Kxg5 {seems wilder.} d2 46. Kg4 Rg8+ 47. Kh4) 45... Rxa6 46. Rxd3 Ra1 47. Rb3 Rg1+ 48. Kh5 Kf6 49. Rb6+ Kf7 50. Ra6 Rg3 51. Ra3 Kf6 52. Ra6+ Kf7 53. Ra3 Kf6 54. Ra6+ {[%emt 0:00:04] Weighted Error Value: White=0.04 (flawless) /Black=0.06 (flawless)} 1/2-1/2

[Event "Icelandic Chess-ch 2023"]
[Site "Hafnarfjordur"]
[Date "2023.05.16"]
[Round "2.4"]
[White "Ragnarsson, Dagur"]
[Black "Stefansson, Hannes"]
[Result "0-1"]
[ECO "E25"]
[WhiteElo "2346"]
[BlackElo "2521"]
[Annotator "TA"]
[PlyCount "78"]
[EventDate "2023.05.13"]
[EventType "tourn"]
[EventCountry "ISL"]
[SourceTitle "playchess.com"]
[Source "ChessBase"]
[SourceQuality "1"]
[TimeControl "40/5400+30:1800+30"]

1. d4 Nf6 2. c4 e6 3. Nc3 Bb4 4. a3 Bxc3+ 5. bxc3 c5 6. f3 d5 7. cxd5 Nxd5 8. dxc5 Qa5 9. e4 Ne7 10. Be3 O-O 11. Qb3 Qc7 12. Bb5 {[%emt 0:03:21] E25: Nimzo-Indian: Sämisch: 5...c5 6 f3 d5 7 cxd5.} Nec6 13. f4 Na5 {[%emt 0:04:36] [#]} 14. Qb1 $146 {[%emt 0:12:58] The position is equal.} ({Predecessor:} 14. Qc2 Nd7 15. Nf3 Nxc5 16. e5 b6 17. Ng5 f5 18. O-O h6 19. Nf3 Rd8 20. Rad1 {0-1 Moskalenko,V (2534)-Kosten,A (2522) La Pobla de Lillet op 15th 2005 (5)}) 14... Nd7 15. Bxd7 {[%emt 0:00:11] Hoping for Bb5.} Bxd7 16. Ne2 Nc4 {[%emt 0:05:01][%mdl 1024] Black has compensation.} 17. Bd4 b6 18. Qb4 (18. Qa2 $11 Bb5 19. a4) 18... b5 $15 19. Qb1 Bc6 ({Black should play} 19... f6 $1 $17 20. Bf2 Rad8) 20. Ra2 (20. a4 $1 $11) 20... f6 $1 $17 {[%emt 0:07:14][%cal Bf7f6,Bf6e5][%mdl 32] White is on the road to losing.} 21. O-O e5 $1 22. fxe5 fxe5 23. Rxf8+ {[%emt 0:00:03][%mdl 64] Remove Defender} Rxf8 24. Bf2 Qf7 $1 {[%emt 0:06:23] Black is much more active. The white rooks are badly placed.} 25. Ng3 {[%emt 0:00:25] [#]} Nxa3 $1 {[%emt 0:01:36][%mdl 576] Deflection} 26. Qa1 (26. Qb2 Nc4) 26... Nc4 27. Qe1 {[%emt 0:13:01] [#]} a5 $1 28. Ra1 (28. Nf5 $17 {keeps fighting.}) 28... Qb7 ({Black should try} 28... g6 $19 29. Be3 Qe7) 29. Rd1 a4 30. Nf5 (30. h3 {was necessary.}) 30... Bxe4 $19 31. Nd6 {[%emt 0:00:03] White is weak on the light squares} (31. Ne7+ {was the only chance.} Qxe7 32. Qxe4) 31... Nxd6 32. cxd6 Bxg2 {[%emt 0:02:33] White must now prevent ...Bh3.} 33. Qxe5 {[%emt 0:03:18] Qe6+ would be deadly.} Qf7 {[%emt 0:00:51][%csl Gf8][%cal Rf7f2] Prevents Qe6.} 34. Bh4 (34. Qg3 Bc6 35. Bd4) 34... Bc6 (34... Qf3 $142 35. Qe6+ Kh8) 35. Qe3 a3 {[%emt 0:01:51][%cal Ba4a3,Ba3a2][%mdl 32] Strongly threatening ...Qg6+.} 36. Be7 Ra8 37. Rf1 {[%emt 0:00:57] [#]} Qxf1+ {[%emt 0:00:48][%mdl 576] Promotion} 38. Kxf1 a2 39. Qe6+ Kh8 {[%emt 0:00:06] A superb game by Stefansson.   Weighted Error Value: White=0.75/Black=0.46} 0-1

[Event "Icelandic Chess-ch 2023"]
[Site "Hafnarfjordur"]
[Date "2023.05.16"]
[Round "2.5"]
[White "Danielsen, Henrik"]
[Black "Thorfinnsson, Bragi"]
[Result "1-0"]
[ECO "D02"]
[WhiteElo "2501"]
[BlackElo "2431"]
[Annotator "TA"]
[PlyCount "109"]
[EventDate "2023.05.13"]
[EventType "tourn"]
[EventCountry "ISL"]
[SourceTitle "playchess.com"]
[Source "ChessBase"]
[SourceQuality "1"]
[TimeControl "40/5400+30:1800+30"]

1. d4 Nf6 2. Nf3 g6 3. Nbd2 d5 4. e3 Bg7 5. b4 O-O 6. Be2 {[%emt 0:01:12] D02: 1 d4 d5 2 Nf3 sidelines, including 2...Nf6 3 g3 and 2...Nf6 3 Bf4.} Nbd7 7. Bb2 a5 8. b5 {[%emt 0:00:16] White has an edge.} a4 {[%emt 0:02:01] [#]} 9. Rb1 $146 ({Predecessor:} 9. c4 c6 10. O-O cxb5 11. cxb5 Nb6 12. Ba3 Ne4 13. Nxe4 dxe4 14. Nd2 f5 15. f3 {½-½ Hincu,O (2078)-Arakhamia Grant,K (2354) BL 2122 (Women) 2021 (7.3)}) 9... c5 10. bxc6 bxc6 11. O-O Qa5 12. c4 Ba6 13. Qc2 c5 14. Rfc1 cxd4 15. Bxd4 Rfc8 16. Qd1 Ne8 17. cxd5 Bxe2 18. Qxe2 Qxd5 19. Nc4 Rab8 20. Rxb8 Nxb8 21. Bxg7 Nxg7 22. Nfd2 Ne6 23. Qd1 Qc6 24. Rb1 Nd7 25. Rb4 Ndc5 26. Qf3 Qxf3 27. gxf3 Rd8 28. Kg2 Rd3 29. Ne4 Nxe4 30. fxe4 $11 {[%emt 0:00:09][%mdl 4096] Endgame KRN-KRN} Nc5 31. Kf3 Rc3 {[%emt 0:00:37] Hoping for ...Rc2.} 32. Nb6 Rc2 33. Rc4 $1 Rxc4 34. Nxc4 {[%emt 0:00:01] KN-KN} f6 35. e5 f5 36. Ke2 Kf7 37. f4 Ke6 38. Nb6 g5 {[%emt 0:02:00][%mdl 64] Deflection} 39. fxg5 Kxe5 40. Kf3 Kd6 41. h4 (41. Kf4 $5 ) 41... e5 42. a3 Ke6 43. Kg3 Ne4+ 44. Kh3 Nc3 45. h5 Nb5 (45... Ne4 $11) 46. Nc4 ({Reject} 46. Nxa4 $6 Nxa3 47. Nc5+ (47. g6 hxg6 48. h6 Kf6 $11) 47... Kf7 $11) ({White has to play} 46. h6 $1 $16) 46... Nc7 $2 {[%emt 0:00:00][%mdl 8192] A mistake that costs the game.} (46... f4 $11 {and Black has nothing to worry.}) 47. h6 $1 $18 ({Weaker is} 47. g6 hxg6 48. hxg6 (48. h6 Kf6 $11) 48... Kf6 $11) 47... Nd5 $2 {[%emt 0:00:00] [#]} (47... Kf7 48. Nxe5+ Kg8) 48. Nb6 $1 {[%emt 0:00:00][%mdl 576] And now Nxd5 would win. Promotion} Ne7 49. Nxa4 Kf7 50. Nc5 Kg6 51. Kh4 f4 {[%emt 0:00:00] [#]} 52. e4 $1 {[%emt 0:00:00] aiming for Kg4.} Kf7 53. a4 {[%emt 0:00:53][%cal Ba3a4,Ba4a5][%mdl 32] Threatens to win with a5.} Ng6+ 54. Kg4 Ke7 55. a5 {[%emt 0:00:00] Weighted Error Value: White=0.08 (flawless) /Black=0.36} 1-0

[Event "Icelandic Chess-ch 2023"]
[Site "Hafnarfjordur"]
[Date "2023.05.16"]
[Round "2.6"]
[White "Domalchuk-Jonasson, Aleksandr"]
[Black "Ingvason, Johann"]
[Result "1/2-1/2"]
[ECO "D45"]
[WhiteElo "2338"]
[BlackElo "2076"]
[Annotator "TA"]
[PlyCount "134"]
[EventDate "2023.05.13"]
[EventType "tourn"]
[EventCountry "ISL"]
[SourceTitle "playchess.com"]
[Source "ChessBase"]
[SourceQuality "1"]
[TimeControl "40/5400+30:1800+30"]

1. d4 d5 2. Nf3 Nf6 3. c4 c6 4. e3 e6 5. b3 Nbd7 6. Bd3 Bd6 7. Bb2 b6 8. O-O O-O 9. Nc3 Bb7 10. Qc2 Qe7 {[%emt 0:00:23] D45: Semi-Slav: 5 e3.} 11. e4 dxe4 12. Nxe4 Nxe4 13. Bxe4 Nf6 14. Bd3 Ba3 15. Bc3 Bb4 16. Bxb4 Qxb4 17. c5 {[%emt 0:00:15] a3 is the strong threat.} bxc5 {[%emt 0:00:35] [#]} 18. a3 $146 ({Predecessor:} 18. dxc5 Rfd8 19. a3 Qf4 20. Bc4 Ne4 21. Be2 Rd5 22. g3 Qf5 23. Bd3 Rxc5 24. Qe2 Nc3 25. Qe3 Qh5 26. Rfc1 a5 27. Bf1 Nd5 28. Rxc5 {1-0 Macieja,B (2612)-Stachowiak,K (2436) Wroclaw op-A 6th 2011 (7)}) 18... Qa5 19. dxc5 Ba6 20. Bxa6 Qxa6 21. Ne5 Rfd8 22. b4 Rd5 23. Nc4 Rad8 24. Rfc1 h5 25. a4 (25. h3 $11) 25... Rd4 $17 {[%emt 0:01:32][%cal Od4c4] Strongly threatening ...Rxc4!} 26. Rab1 $2 (26. b5 $15 cxb5 27. axb5 Qxb5 28. Nd6) 26... Rb8 $2 (26... Rxc4 $1 $19 27. Qxc4 Rd1+ {[%mdl 64] Deflection} 28. Rxd1 Qxc4) 27. Qc3 Rd5 $1 28. Qc2 (28. Qa3 $14) 28... Qc8 29. Nd6 Qc7 30. h3 Nd7 31. Rd1 a5 (31... Rxd1+ $1 $11 32. Qxd1 Nf6) 32. Rxd5 $16 exd5 33. Qf5 Nf6 34. Qg5 {[%emt 0:05:01] White is much more active.} (34. Qf4 $1 $16) 34... Rxb4 $11 35. Re1 {[%emt 0:00:28] Threatening mate with Ne8.} Ne4 (35... Rxa4 {gets mated.} 36. Ne8) 36. Qxh5 Rb8 (36... Nxc5 $2 37. Re8#) 37. Nxe4 dxe4 {[%emt 0:00:06][%mdl 4096] Endgame KQR-KQR} 38. Qf5 Rb4 39. g3 g6 40. Qf6 Qd7 {[%emt 0:00:21] Wards off Rd1} (40... Rxa4 $2 41. Rd1 $18) 41. Qd6 Qxd6 {[%emt 0:10:01][%mdl 64] Remove Defender} 42. cxd6 {[%emt 0:00:20] KR-KR} Rd4 {[%emt 0:00:11] Dodges Rd1} 43. d7 {[%emt 0:02:56][%cal Oe1e4][%mdl 64] Deflection} Rxd7 44. Rxe4 Rd1+ 45. Kg2 {[%emt 0:00:04] Black should prevent Re5.} Rd5 {[%emt 0:05:10] Inhibits Re5.} 46. Kf3 Rc5 47. Ke3 f5 48. Re8+ Kf7 49. Ra8 Ke6 50. Kd3 Rd5+ 51. Kc4 Rd2 52. Rxa5 Rxf2 53. Ra8 Rc2+ 54. Kb3 Rg2 55. a5 {[%emt 0:00:03] Threatens to win with a6.} Rxg3+ 56. Kb4 {[%emt 0:00:04] And now a6 would win.} Kd6 57. Rh8 c5+ 58. Kc4 (58. Ka4 $1 $11) 58... Ra3 $17 {[%emt 0:00:25] aiming for ...Ra4+.} 59. Rd8+ $2 {[%emt 0:00:53] [#]} (59. Kb5 $17) 59... Kc6 $2 (59... Ke7 $1 $19 60. Rg8 Kf7) 60. Rc8+ $11 Kd6 $2 (60... Kb7 $11 61. Rg8 Rxa5) 61. Rd8+ $1 $19 {[%emt 0:00:13] [#]} Kc7 $2 (61... Ke7 $1 $19 62. Rg8 Kf7) 62. Rg8 $11 {[%emt 0:00:41] The position is equal.} Rxa5 {[%emt 0:00:06] ...Kd6 would be deadly.} 63. Rxg6 Kd7 64. Rf6 f4 65. Kd5 Ra4 66. Ke5 Ra3 67. Rxf4 Rxh3 {[%emt 0:00:10] Weighted Error Value: White=0.20 (precise) /Black=0.17 (very precise)} 1/2-1/2

[Event "Icelandic Chess-ch 2023"]
[Site "Hafnarfjordur"]
[Date "2023.05.17"]
[Round "3.1"]
[White "Ingvason, Johann"]
[Black "Ptacnikova, Lenka"]
[Result "0-1"]
[ECO "E16"]
[WhiteElo "2076"]
[BlackElo "2099"]
[Annotator "TA"]
[PlyCount "72"]
[EventDate "2023.05.13"]
[EventType "tourn"]
[EventCountry "ISL"]
[SourceTitle "playchess.com"]
[Source "ChessBase"]
[SourceQuality "1"]
[TimeControl "40/5400+30:1800+30"]

1. d4 Nf6 2. c4 e6 3. g3 Bb4+ 4. Nd2 O-O 5. Bg2 d5 6. a3 Be7 7. Ngf3 b6 8. O-O Bb7 9. cxd5 exd5 10. b4 {[%emt 0:00:34] E16: Queen's Indian: 4 g3 Bb7 5 Bg2 Bb4+.} Nbd7 11. Bb2 c5 12. dxc5 {[%emt 0:00:50] The position is equal.} bxc5 13. bxc5 Nxc5 14. Nb3 (14. Rc1 $5 ) 14... Nce4 15. Nfd4 Re8 {[%emt 0:03:53] [#]} 16. Nf5 $146 ({Predecessor:} 16. Rc1 Rb8 17. e3 Qb6 18. a4 Ba6 19. Rc6 Qb7 20. Na5 Qd7 21. Rxa6 Rxb2 22. Nac6 {½-½ Sciallero,V (2269)-De la Rosa Solorzano,J (2323) W-ch42 prel07 email 2018}) 16... Bf8 17. Bd4 Ba6 18. Ra2 Qc8 19. Bxf6 (19. Bh3 $11 {keeps the balance.} Qc6 20. Ba1) 19... Qxf5 $17 20. Ba1 Rac8 {[%emt 0:04:21] Black is much more active. The white rooks are badly placed.} (20... Bc4 $17 {Threatens to win with ...Qd7.} 21. Nd4 Qd7 22. Bxe4 Rxe4) 21. Nd4 $15 Qd7 22. Bxe4 {[%emt 0:18:56] White is now going downhill.} (22. Rc2 $15) 22... dxe4 $17 23. Rd2 {[%emt 0:01:12] White is weak on the light squares} (23. Rc2 $142) 23... Bc4 (23... Bxa3 24. Ra2 Rc1 25. Qb3 Rxf1+ 26. Kxf1 $11) (23... Qh3 $1 $19 24. f4 exf3 25. Rxf3 Bb7) 24. Bb2 (24. Nc2 $17 {was necessary.} Qh3 25. Re1) 24... Qh3 $19 25. Kh1 (25. Re1 $142) 25... Rc5 26. Rg1 Rh5 27. Rg2 {[%emt 0:00:01] [#]} e3 $1 28. fxe3 (28. Rc2 $142 Ba6 29. f3) 28... Rxe3 $40 {[%emt 0:00:16][%mdl 128] Black wants a kill.} ({Inferior is} 28... Bd5 29. Nf3 Bc6 30. Bd4 $17) 29. Nf3 {[%emt 0:03:14] [#]} Qe6 $1 (29... Bxa3 {is a self mate.} 30. Rd8+ Bf8 31. Rxf8+ Kxf8 32. Qd8+ Re8 33. Ba3+) 30. Bd4 Rxa3 31. Bg1 Rd5 32. e3 $2 (32. Bd4) 32... Rad3 {[%emt 0:00:56] Black is clearly winning.} 33. Rge2 (33. Qc2 $142 Rd6 34. h4) 33... Qe4 {[%emt 0:00:29] ( -> ...Rxd2)} 34. Kg2 Rf5 35. Rf2 Rxe3 36. Rd8 Bd5 {[%emt 0:00:22] Weighted Error Value: White=0.68/Black=0.33} 0-1

[Event "Icelandic Chess-ch 2023"]
[Site "Hafnarfjordur"]
[Date "2023.05.17"]
[Round "3.2"]
[White "Thorfinnsson, Bragi"]
[Black "Domalchuk-Jonasson, Aleksandr"]
[Result "0-1"]
[ECO "D27"]
[WhiteElo "2431"]
[BlackElo "2338"]
[Annotator "TA"]
[PlyCount "146"]
[EventDate "2023.05.13"]
[EventType "tourn"]
[EventCountry "ISL"]
[SourceTitle "playchess.com"]
[Source "ChessBase"]
[SourceQuality "1"]
[TimeControl "40/5400+30:1800+30"]

1. Nf3 d5 2. e3 Nf6 3. c4 dxc4 4. Bxc4 e6 5. d4 c5 6. O-O a6 7. Bb3 Nbd7 (7... Nc6 $11) 8. Nc3 {[%emt 0:04:32] 8.Qe2 gains popularity. D27: Queen's Gambit Accepted: Classical main line: 7 e4!? and 7 a4.} b5 9. e4 {[%emt 0:06:55] e5 is the strong threat.} cxd4 10. Qxd4 {[%emt 0:04:20] And now e5 would win. White has an edge.} Bc5 {[%emt 0:01:03] Dodges e5} 11. Qd3 {[%emt 0:01:10] [#]} b4 $146 (11... Qc7 $11 {keeps the balance.}) ({Predecessor:} 11... Qc7 12. Bg5 Bb7 13. Rac1 O-O 14. Rfd1 Ne5 15. Nxe5 Qxe5 16. Bh4 b4 17. Bg3 Bxf2+ 18. Kxf2 {½-½ Costachi,M (2463)-Aronyak,G (2380) Wch U20 58th 2019 (3)}) 12. Ne2 (12. e5 $1 $16 bxc3 13. exf6 Qxf6 14. Bg5 {[%mdl 64] Deflection} (14. bxc3 O-O $14) (14. Qxc3 Qxc3 15. bxc3 O-O $11)) 12... Bb7 ({Black should try} 12... Qb6 $1 $15) 13. Ng3 (13. e5 $142 $1 Nd5 14. Bd2) 13... Qb6 14. Ba4 (14. e5 $5 Ng4 15. Ne4 $11) 14... Rd8 (14... O-O $5 ) 15. Bg5 {[%emt 0:17:48] Threatens to win with e5.} (15. e5 $5 Ng4 16. Qe2 $11 (16. Bg5 Nxf2 17. Qc4 O-O $17)) 15... O-O 16. Qe2 (16. Bxd7 $15 Rxd7 17. Qe2) 16... h6 $17 17. Bh4 Be7 18. Bxd7 Rxd7 19. Ne5 (19. Bxf6 $17 Bxf6 20. Nh5) 19... Rc7 ({Black should play} 19... g5 $1 $19 20. Nxd7 Nxd7) 20. Ng4 Nxg4 (20... Nxe4 $6 21. Bxe7 Nxg3 22. Nxh6+ Kh8 23. hxg3 $11) 21. Bxe7 Nxh2 (21... Rxe7 22. Qxg4 f5 23. exf5 $15) 22. Bxf8 Nxf1 {[%emt 0:00:09] Black is more active.} 23. Rxf1 {[%emt 0:02:02][%cal Of8g7] Hoping for Bxg7!} Kxf8 24. Rd1 Rc8 {[%emt 0:02:23] Wards off Rd8+} 25. Qd2 a5 26. Qf4 {[%emt 0:01:37] White wants to mate with Rd7.} Qc7 {[%emt 0:01:47] Prevents Rd7} 27. e5 (27. Qe3 $17) 27... Bd5 28. Nh5 $2 (28. Nf5) 28... Qd8 (28... Bxa2 $2 {perishes.} 29. Qg3 f5 30. Ra1 $19) 29. Qe3 Qe7 (29... Qg5 $19 {[%csl Gd5][%cal Rg5g2] has better winning chances.} 30. Nf4 Bxa2) 30. a3 bxa3 $40 {[%emt 0:04:06][%mdl 128] Black is out for blood.} 31. bxa3 a4 32. Nf4 {[%emt 0:01:54] [#]} (32. Rd4 $142) 32... Bb3 $1 33. Rd6 Qc7 34. Qe4 (34. Kh2 $17) 34... Kg8 35. Nh5 $2 (35. Nd3 {was called for.}) 35... Qc1+ $19 36. Kh2 Qg5 (36... Qxa3 37. Qg4 g6 38. Nf6+ Kg7 39. Qf3 $16) 37. Ng3 h5 (37... Bd5 $142 38. Qe3 Qh4+ 39. Kg1 Qg4) 38. Rd4 g6 39. Rb4 Kg7 40. Kh3 $2 (40. Qd4) 40... Rc5 41. Qa8 $2 (41. f3) 41... Bd5 42. Qxa4 Qxe5 (42... Rc1 $142 {[%cal Oc1h1] ( -> ...Rh1+!)} 43. Re4 Bxe4 44. Qxe4 Rc5) 43. Qe8 Bc6 ({Don't blunder} 43... Rc3 $2 44. Rb8 Kh6 45. f3 $19) 44. Qe7 Rc2 45. f3 Qc5 {[%emt 0:07:57] Wards off a4} 46. Qxc5 Rxc5 {[%emt 0:00:05][%mdl 4096] Endgame KRB-KRN} 47. Ne2 Ra5 48. Rb3 Bd5 49. Rc3 Ra4 50. Kg3 Kf6 51. Kf2 g5 52. Re3 Ra8 53. Nc3 Bc6 (53... Rxa3 $2 54. Nxd5+ exd5 55. Rxa3 $18) 54. Ne2 Rb8 55. Nd4 (55. f4 $142) 55... Bd5 56. Rc3 Rb2+ 57. Rc2 Rb1 58. Rc7 Rb2+ $2 (58... h4 $19 {Strongly threatening ...Ke5.} 59. Rc2 Ra1) 59. Kg3 $2 (59. Rc2 $11 Rb1 60. Kg3) 59... Ke5 60. Nc2 (60. Rc2 $142 Rb6 61. Ne2) 60... Kd6 61. Rc8 Kd7 62. Rc5 Rb3 {[%emt 0:00:18] Against Ne3} 63. Ra5 Ke7 (63... f5 $19 {White must now prevent ...f4+.} 64. Nb4 Kd6 65. Nxd5 exd5) 64. a4 (64. Nb4 $17 {was necessary.}) 64... Kf6 65. Rc5 {[%emt 0:00:37] [#]} (65. Rb5 $142) 65... g4 $1 66. Ne1 Ra3 67. a5 Ke5 68. Nc2 (68. Rc8 $142) 68... Ra4 69. Rb5 $2 {[%emt 0:00:33] [#]} (69. f4+ Rxf4 70. Ne3) 69... h4+ $1 70. Kf2 (70. Kh2 gxf3) 70... Ra2 71. Rc5 Kf4 72. Ke1 gxf3 {[%emt 0:00:10][%mdl 64] Overworked Piece} 73. gxf3 h3 {[%emt 0:00:20] Weighted Error Value: White=0.57/Black=0.38} 0-1

[Event "Icelandic Chess-ch 2023"]
[Site "Hafnarfjordur"]
[Date "2023.05.17"]
[Round "3.3"]
[White "Stefansson, Hannes"]
[Black "Danielsen, Henrik"]
[Result "1-0"]
[ECO "C42"]
[WhiteElo "2521"]
[BlackElo "2501"]
[Annotator "TA"]
[PlyCount "78"]
[EventDate "2023.05.13"]
[EventType "tourn"]
[EventCountry "ISL"]
[SourceTitle "playchess.com"]
[Source "ChessBase"]
[SourceQuality "1"]
[TimeControl "40/5400+30:1800+30"]

1. e4 e5 2. Nf3 Nf6 3. Nxe5 d6 4. Nf3 Nxe4 5. Nc3 Nxc3 6. dxc3 Be7 7. Bf4 Nc6 8. Qd2 Be6 9. O-O-O Qd7 {[%emt 0:00:12] C42: Petroff Defence: 3 Nxe5 and unusual White 3rd moves.} (9... Bxa2 $2 10. b3 $16) 10. Kb1 Bf6 11. Ng5 Bxg5 {[%emt 0:00:50] The position is equal.} 12. Bxg5 f6 13. Be3 O-O-O {[%emt 0:01:00] [#]} 14. b3 $1 $146 {[%emt 0:06:41][%mdl 8] A relevant novelty.} ({Predecessor:} 14. f3 Rde8 15. Bf2 Bf7 16. Bb5 a6 17. Bxc6 Qxc6 18. Rhe1 Rxe1 19. Rxe1 Re8 20. Rxe8+ Qxe8 21. b3 Bg6 22. Qe3 Qxe3 23. Bxe3 Kd7 {½-½ Ni,H (2667)-Bu,X (2698) Yinzhou Cup Chess.com INT rapid 2022 (2)}) 14... Kb8 15. f3 Qf7 16. Bf2 Rhe8 17. Bb5 Bd7 18. h3 Re7 19. Rhe1 Rde8 20. Rxe7 Rxe7 21. Kb2 Ne5 22. Bf1 h6 23. a4 Nc6 24. g3 Qe8 25. f4 Bf5 {[%emt 0:02:25] [#]} 26. a5 $1 Be4 27. a6 {[%emt 0:01:20] axb7 is the strong threat.} b6 28. g4 Bf3 29. Ra1 Nd8 30. c4 Nf7 31. Qc3 Ba8 32. b4 Re4 33. c5 Bc6 $2 {[%emt 0:22:24] [#] This move loses the game for Black.} ({Better is} 33... dxc5 $14 34. bxc5 Bc6) 34. cxb6 $18 Rxf4 $2 (34... cxb6 {is a better defense.} 35. Bg2 Rxf4) 35. bxc7+ {[%emt 0:00:31] White is clearly winning.} ({Weaker is} 35. bxa7+ Ka8 $18) 35... Kc8 36. Bxa7 {[%emt 0:00:39][%cal Bf2a7,Ba7b6,Bb6e3][%mdl 32] This pair of bishops is nice.} Ne5 (36... Qe5 $142 37. Qxe5 {[%mdl 64] Remove Defender} Nxe5) 37. Bb6 Ba8 38. Be3 ({Stronger than} 38. a7 Rxf1 39. Rxf1 Qb5 $11) 38... Rf3 39. Re1 Bd5 {[%emt 0:00:36] Artfully played by Stefansson.   Weighted Error Value: White=0.07 (flawless) /Black=0.23 (precise)} 1-0